[Event "Carolinas Classic 2022"]
[Site "Charlotte"]
[Date "2022.06.11"]
[Round "3.1"]
[White "Naroditsky, Daniel"]
[Black "Horobetz, Graham"]
[Result "1-0"]
[ECO "B51"]
[WhiteElo "2616"]
[BlackElo "2045"]
[Annotator "TA"]
[PlyCount "27"]
[EventDate "2022.06.10"]
[EventType "swiss"]
[EventCountry "USA"]
[SourceTitle "playchess.com"]
[Source "ChessBase"]
[SourceQuality "1"]
[TimeControl "5400+30"]

1. e4 c5 2. Nf3 d6 3. Bb5+ Nd7 4. O-O a6 5. Bd3 b5 6. c4 {[%emt 0:03:24] [#] B51: Sicilian: Moscow Variation (3 Bb5+) without 3...Bd7.} Nb6 $146 (6... bxc4 $14 7. Bxc4 Nb6) ({Predecessor:} 6... b4 7. a3 Bb7 8. axb4 cxb4 9. Bc2 Ngf6 10. Re1 e5 11. d4 Be7 12. b3 O-O {0-1 (41) Hammer,J (2682)-Vovk,A (2617) Chess.com INT 2015}) 7. cxb5 $16 c4 8. Be2 {[%emt 0:03:58] White is better.} axb5 9. Nd4 Qd7 10. Nc3 Ba6 (10... b4 $16 {keeps fighting.}) 11. a4 $18 b4 (11... Nf6 $142 12. axb5 Bb7) 12. a5 Nc8 13. Nd5 Rb8 {[%emt 0:06:57] Against Nb6} 14. Qa4 {[%emt 0:03:07] White took control after the opening.  Weighted Error Value: White=0.05 (flawless) /Black=0.53} 1-0

[Event "Carolinas Classic 2022"]
[Site "Charlotte"]
[Date "2022.06.12"]
[Round "3.3"]
[White "Shabalov, Alexander"]
[Black "Prabhu, Naveen"]
[Result "1-0"]
[ECO "A03"]
[WhiteElo "2504"]
[BlackElo "2099"]
[Annotator "TA"]
[PlyCount "63"]
[EventDate "2022.06.10"]
[EventType "swiss"]
[EventCountry "USA"]
[SourceTitle "playchess.com"]
[Source "ChessBase"]
[SourceQuality "1"]
[TimeControl "5400+30"]

1. f4 d5 2. Nf3 Nf6 3. g3 g6 4. Bg2 Bg7 5. d3 O-O 6. O-O c5 7. c3 $1 {[%emt 0:01:48] 7.c3 scores better than 7.Qe1.} Nc6 8. Na3 Bg4 {[%emt 0:08:24] A03: Bird's Opening with 1...d5.} 9. Qe1 {[%emt 0:03:43] [#]} Qb6 $146 ({Predecessor:} 9... Qc8 10. Nc2 Bh3 11. e4 Bxg2 12. Kxg2 dxe4 13. dxe4 e5 14. fxe5 Ng4 15. Bf4 Ngxe5 16. Nxe5 Nxe5 17. Bxe5 Bxe5 {0-1 (61) Bachofner,S (1871)-Angst,O (1749) Zuerich 2015}) 10. Kh1 (10. e4 {keeps more tension.} c4+ 11. d4 Nxe4 12. Nxc4 Qa6 13. Ne3) 10... Rad8 {[%emt 0:03:14] Black is slightly better.} (10... Rae8 $5 ) 11. e4 dxe4 12. dxe4 Bxf3 (12... Qa6 $11) 13. Bxf3 $14 e5 14. Nc4 Qc7 (14... Qa6 $1 $11 15. Qe2 (15. Nxe5 Nxe5 16. fxe5 Nd7 $11) 15... Rfe8) 15. f5 $16 gxf5 16. Bg5 Rde8 (16... h6 $16 17. Bxf6 Bxf6) 17. exf5 $18 e4 18. Bg2 Qe7 19. Ne3 Rd8 20. g4 (20. Qe2 $18) 20... h6 (20... Ne5 $16) 21. Bh4 Ne5 {[%emt 0:00:53] [#]} 22. g5 $1 ({Worse is} 22. Bxe4 Nd3 23. Bxd3 Rxd3 $11) 22... hxg5 23. Bxg5 {[%emt 0:00:05] Threatens to win with Rg1.} Nf3 $2 (23... Rd6 {is a better chance.} 24. Qg3 Rfd8 25. Bxf6 Qxf6) 24. Bxf3 exf3 25. Qh4 f2 26. Rxf2 Qe4+ 27. Rg2 {[%emt 0:00:06] Black must now prevent Rag1.} Qxh4 28. Bxh4 Kh7 {[%emt 0:00:08] [#]} 29. Rxg7+ $1 Kxg7 30. Rg1+ {[%emt 0:00:05][%mdl 64] Deflection} Kh7 31. Bxf6 {[%emt 0:00:04] Threatening mate with Rg4.} Rd2 32. Rg3 {[%emt 0:00:41] Weighted Error Value: White=0.10 (very precise) /Black=0.88} 1-0

[Event "Carolinas Classic 2022"]
[Site "Charlotte"]
[Date "2022.06.12"]
[Round "3.4"]
[White "Nguyen, James Le"]
[Black "Brodsky, David"]
[Result "0-1"]
[ECO "B52"]
[WhiteElo "1992"]
[BlackElo "2484"]
[Annotator "TA"]
[PlyCount "94"]
[EventDate "2022.06.10"]
[EventType "swiss"]
[EventCountry "USA"]
[SourceTitle "playchess.com"]
[Source "ChessBase"]
[SourceQuality "1"]
[TimeControl "5400+30"]

1. e4 c5 2. Nf3 d6 3. Bb5+ Bd7 4. Bxd7+ Qxd7 5. c4 e5 6. Nc3 Nc6 7. a3 {[%emt 0:01:06] B52: Sicilian: Moscow Variation with 3...Bd7.} g6 8. O-O Bg7 9. b4 {[%emt 0:01:20] The position is equal.} Nge7 10. b5 Nd4 {[%emt 0:01:31] [#]} 11. Nxd4 $146 ({Predecessor:} 11. d3 O-O 12. a4 f5 13. Nxd4 exd4 14. Nd5 fxe4 15. dxe4 Nxd5 16. exd5 Rf7 17. Qd3 {½-½ (29) Dzierzak,R (2203)-Janus,P (2104) Krakow 2015}) 11... cxd4 12. Nd5 f5 13. Nxe7 Qxe7 14. f3 Bh6 15. d3 Bxc1 16. Rxc1 O-O 17. Qb3 Kg7 18. Qb4 Rac8 19. a4 Rf7 20. Qa5 Qg5 {[%emt 0:07:52] White must now prevent ...fxe4.} 21. f4 exf4 22. Qxa7 Rc5 $1 23. h4 Qxh4 (23... Qg3 $1 $15 24. Rf3 Qxh4 25. exf5 Qe7) 24. exf5 $11 Qg5 $40 {[%emt 0:07:36][%mdl 128] Black has some attack.} 25. Rce1 Qg3 26. Re4 Qxd3 (26... gxf5 27. Re8 Re5 28. Qxd4 Qe3+ 29. Qxe3 Rxe3 30. Rxe3 fxe3 31. Rf3 $16) 27. Rexf4 ({But not} 27. f6+ $2 Kh6 28. Rexf4 Qe3+ 29. R1f2 Rxc4 $19) 27... Rcxf5 28. Rxf5 gxf5 {[%emt 0:00:05][%mdl 4096] Endgame KQR-KQR} 29. Rf3 (29. Qb6 $11) 29... Qxc4 $15 {[%emt 0:02:02] Black is more active.} 30. Rg3+ Kf6 {[%emt 0:00:48] And now ...Re7 would win.} 31. Qb8 Ke5 {[%emt 0:08:12] aiming for ...Rf6.} 32. Qh8+ {[%emt 0:05:54] [#] This move loses the game for White.} (32. b6 $17) 32... Kd5 $1 $19 33. Qg8 Kc5 34. Qc8+ $2 (34. Qg5) 34... Kb4 35. Qd8 Qc1+ 36. Kh2 Qf4 37. Qg8 {[%emt 0:00:20] Inhibits Rg7.} Qh4+ $2 (37... Rc7 {Strongly threatening ...Rc3.} 38. Qb3+ Ka5) 38. Kg1 {[%emt 0:00:42] [#]} Qf6 ({Weaker is} 38... Kxa4 39. Qa8+ Kb4 40. Qa3+ Kc4 41. Re3 $11) (38... d5 $142 $1 {...Re7 is the strong threat.} 39. Rh3 (39. Rf3 Qe1+) 39... Qe1+ 40. Kh2 Qe5+ 41. Kg1 Rc7 42. Qf8+ Qe7) 39. Qc8 $2 (39. a5) 39... Qe5 40. Rf3 Re7 {[%emt 0:02:45] Threatens to win with ...d3.} 41. Qc2 Qe1+ 42. Rf1 Qc3 43. Qb1+ Qb3 {[%emt 0:00:09] Hoping for ...Qxb1.} 44. Qxf5 Qe3+ 45. Kh1 Re6 46. Rb1+ Kc3 {[%emt 0:00:44] ( -> ...Rh6+)} 47. Qf1 Rh6# {[%emt 0:00:06] Weighted Error Value: White=0.63/Black=0.20 (precise)} 0-1

[Event "Carolinas Classic 2022"]
[Site "Charlotte"]
[Date "2022.06.12"]
[Round "3.5"]
[White "Espinosa, Pedro"]
[Black "Ippolito, Dean"]
[Result "0-1"]
[ECO "D00"]
[WhiteElo "2019"]
[BlackElo "2375"]
[Annotator "TA"]
[PlyCount "68"]
[EventDate "2022.06.10"]
[EventType "swiss"]
[EventCountry "USA"]
[SourceTitle "playchess.com"]
[Source "ChessBase"]
[SourceQuality "1"]
[TimeControl "5400+30"]

1. d4 d5 2. Nc3 Nf6 3. Bf4 g6 4. e3 Bg7 5. Nb5 Na6 6. h3 {[%emt 0:00:09] D00: 1 d4 d5: Unusual lines.} O-O 7. Nf3 Ne4 8. Be2 {[%emt 0:01:35] The position is equal.} c6 9. Nc3 Qa5 10. O-O Nxc3 11. bxc3 Qxc3 12. Rb1 {[%emt 0:00:05] [#]} Qa5 $146 ({Predecessor:} 12... c5 13. Qc1 Qa5 14. Rb5 Qd8 15. c4 b6 16. cxd5 Nb4 17. e4 a6 18. Bc7 Qxc7 19. Rxb4 {½-½ (40) Blondel,F (2029)-Cuccumini,V (1982) ICCF email 2018}) 13. c4 dxc4 14. Bxc4 b5 15. Bd3 Rd8 16. Qc2 Bd7 17. Rfc1 (17. Ne5 {is more complex.} Bxe5 18. Bxe5 c5 19. Be4) 17... Rac8 18. Ne5 Bxe5 ({Resist} 18... Nb4 19. Qc3 Bxe5 20. Bxe5 $16) 19. Bxe5 c5 20. Qb2 c4 (20... Nb4 $1 $15 21. Be4 Qxa2) 21. Be4 {[%emt 0:03:11] [#]} (21. Bf1 $11) 21... Qb6 (21... c3 $1 $17 22. Qc2 b4) 22. Qe2 (22. a3 $1 $11) 22... Bc6 $15 23. d5 $2 {[%emt 0:12:04] This costs White the game.} ({White should play} 23. Bc2 $15) 23... Bxd5 $19 24. Bxd5 Rxd5 25. Bd4 Qe6 {[%emt 0:10:03] ...Rxd4 is the strong threat.} 26. Qf3 Qd7 27. Bc3 Nc5 28. Rd1 Rd3 29. Bd4 Ne6 30. Rxd3 cxd3 31. Bb2 (31. Rd1 Nxd4 32. exd4) 31... Rc2 {[%emt 0:03:39] Black is clearly winning.} 32. Qa8+ Nf8 {[%emt 0:03:13] Strongly threatening ...d2.} 33. Qe4 {[%emt 0:01:45] [#]} Rxb2 $1 34. Rxb2 d2 {[%emt 0:00:04] Weighted Error Value: White=0.58/Black=0.14 (very precise)} 0-1

[Event "Carolinas Classic 2022"]
[Site "Charlotte"]
[Date "2022.06.12"]
[Round "4.1"]
[White "Brodsky, David"]
[Black "Naroditsky, Daniel"]
[Result "1/2-1/2"]
[ECO "C07"]
[WhiteElo "2484"]
[BlackElo "2616"]
[Annotator "TA"]
[PlyCount "62"]
[EventDate "2022.06.10"]
[EventType "swiss"]
[EventCountry "USA"]
[SourceTitle "playchess.com"]
[Source "ChessBase"]
[SourceQuality "1"]
[TimeControl "5400+30"]

1. e4 e6 2. d4 d5 3. Nd2 c5 4. Ngf3 Nf6 5. exd5 Nxd5 6. Nb3 {[%emt 0:00:29] C07: French Tarrasch: 3...c5, 4 Ngf3 and 4 exd5 Qxd5.} cxd4 7. Nbxd4 Bb4+ 8. Bd2 ({Reject} 8. c3 Nxc3 $1 9. Qc2 Nb5+ 10. Bd2 Nxd4 $17) 8... O-O 9. Bxb4 Nxb4 10. c3 N4c6 11. Bc4 {[%emt 0:00:25] [#]} Nxd4 $146 ({Predecessor:} 11... e5 12. Nb5 Nd7 13. Nd6 Nb6 14. Bb3 Qe7 15. Nxc8 Raxc8 16. O-O a5 17. a4 Rcd8 {0-1 (55) Baskin,R (2392)-Diaz Camallonga,C (2463) Chess.com INT 2021}) 12. Qxd4 Qxd4 13. Nxd4 Bd7 14. O-O-O Nc6 15. Nb5 Rfd8 16. Nd6 Rab8 17. Rd2 Ne7 18. Nf5 Nxf5 $15 19. Rhd1 b5 ({Don't take} 19... Rdc8 20. Rxd7 a5 21. Be2 $14) 20. Bxb5 Rxb5 21. Rxd7 Rxd7 22. Rxd7 {[%emt 0:00:09][%cal Rd7d8][%mdl 4096] Endgame KRN-KR} Kf8 {[%emt 0:09:05] ...Ra5 is the strong threat.} 23. Rxa7 Nd6 24. a4 Re5 25. a5 Ke8 26. a6 {[%emt 0:09:22] [#]} (26. b4 $11) 26... Ra5 ({Better is} 26... Rc5 $1 $17) 27. b4 $1 $11 {[%emt 0:00:39] The position is equal.} Ra3 28. Kb2 Nc4+ 29. Kc2 Nd6 30. Kb2 Nc4+ 31. Kc2 Nd6 {[%emt 0:01:43] Weighted Error Value: White=0.16 (very precise) /Black=0.11 (very precise)} 1/2-1/2

[Event "Carolinas Classic 2022"]
[Site "Charlotte"]
[Date "2022.06.12"]
[Round "4.2"]
[White "Moradiabadi, Elshan"]
[Black "Aaron, Deepak"]
[Result "1-0"]
[ECO "D35"]
[WhiteElo "2537"]
[BlackElo "2230"]
[Annotator "TA"]
[PlyCount "103"]
[EventDate "2022.06.10"]
[EventType "swiss"]
[EventCountry "USA"]
[SourceTitle "playchess.com"]
[Source "ChessBase"]
[SourceQuality "1"]
[TimeControl "5400+30"]

1. c4 e6 2. Nc3 d5 3. d4 c6 4. cxd5 exd5 5. Bf4 Nf6 6. e3 Be7 7. Bd3 O-O {[%emt 0:01:02] 7...Bg4 deserves study.} 8. Qc2 Na6 {[%emt 0:09:25][%cal Bb8a6,Ba6c7,Bc7e6][%mdl 32] D35: Queen's Gambit Declined: Exchange Variation.} 9. a3 {[%emt 0:08:01] Inhibits Nb4.} (9. Bxa6 $5 bxa6 10. h3 $11) 9... Nc7 10. Nge2 Ne6 {[%emt 0:03:02] The position is equal.} 11. Be5 {[%emt 0:00:01] [#]} h6 $146 ({Predecessor:} 11... g6 12. h3 Ng7 13. O-O Bf5 14. Ng3 Bxd3 15. Qxd3 Nd7 16. Bxg7 Kxg7 17. Nge2 Nb6 18. b3 Bd6 19. a4 a5 20. g3 Qe7 21. Kg2 Rae8 {½-½ (21) Boudre,J (2304)-Delorme,L (2215) Creon 2011}) 12. h3 Bd7 13. O-O Rc8 14. b4 Be8 15. Rac1 a5 16. Qb3 ({White should try} 16. Ng3 $16) 16... axb4 17. axb4 Nd7 18. Bg3 Nb6 19. Rfd1 Ra8 20. b5 Ra3 21. Qb1 Na4 22. bxc6 Nxc3 23. Rxc3 Bxc6 24. Rxa3 Bxa3 25. Qb3 Bd6 26. Ra1 Qd7 27. Bf5 Bxg3 28. Nxg3 b5 29. Ne2 {[%emt 0:01:00][%cal Bg3e2,Be2f4,Bf4d3][%mdl 32] 0x0.0008607c6c27dp-1022s more active pieces.} Ra8 (29... Qe7 $16) 30. Rxa8+ $18 Bxa8 31. Bxe6 fxe6 {[%emt 0:00:13][%mdl 4096] Endgame KQB-KQN} 32. Nf4 Bc6 33. Nd3 Qd6 34. Qc3 Bd7 35. Qa5 {[%emt 0:00:22] [#] aiming for Qd8+.} Be8 36. Qa7 {[%emt 0:01:06] Prevents Qb8.} Kh7 37. Qb7 Qc6 38. Qe7 Qd7 39. Qxd7 Bxd7 $16 {[%emt 0:00:01] KB-KN} 40. Kf1 Be8 41. Ke1 Kg6 42. Kd2 Kf6 43. Kc3 Ke7 44. Kb4 Kd6 45. Ne5 Bc6 $2 {[%emt 0:00:39][%mdl 8192] [#] This costs Black the game.} (45... Bh5 $16) 46. Nxc6 $18 Kxc6 {[%emt 0:00:01] KP-KP} 47. Ka5 g6 48. h4 g5 49. hxg5 {[%emt 0:00:10] White mates.} hxg5 50. g4 b4 51. Kxb4 Kb6 52. f4 {[%emt 0:00:15] Weighted Error Value: White=0.09 (flawless) /Black=0.30} 1-0

[Event "Carolinas Classic 2022"]
[Site "Charlotte"]
[Date "2022.06.12"]
[Round "4.3"]
[White "Ippolito, Dean"]
[Black "Shabalov, Alexander"]
[Result "1/2-1/2"]
[ECO "D30"]
[WhiteElo "2375"]
[BlackElo "2504"]
[Annotator "TA"]
[PlyCount "51"]
[EventDate "2022.06.10"]
[EventType "swiss"]
[EventCountry "USA"]
[SourceTitle "playchess.com"]
[Source "ChessBase"]
[SourceQuality "1"]
[TimeControl "5400+30"]

1. d4 d5 2. c4 c6 3. Nf3 Nf6 4. Qb3 e6 5. g3 dxc4 6. Qxc4 b5 7. Qb3 Bb7 8. Bg2 Nbd7 9. Ne5 {[%emt 0:08:06] D30: Queen's Gambit Declined: Systems without Nc3.} Nxe5 10. dxe5 Nd7 11. Nc3 Be7 12. O-O O-O 13. Rd1 Qc7 14. Bf4 {[%emt 0:08:30][%cal Bc1f4,Bf4e3,Be3c5][%mdl 32] [#]} g5 $146 (14... Nc5 $11 15. Qc2 a5) ({Predecessor:} 14... Nc5 15. Qc2 b4 16. Nb1 Ba6 17. Bf3 Rac8 18. a3 Rb8 19. axb4 Rxb4 20. Be3 Qb7 {1-0 (49) Caruana,F (2822)-Duda,J (2758) Wijk aan Zee 2020}) 15. Be3 $16 Nxe5 16. Rac1 a6 17. Ne4 {[%emt 0:05:05] Against c5} g4 18. Bc5 {[%emt 0:07:18] White is more active.} Rad8 19. Qe3 Rd5 20. Rxd5 exd5 (20... cxd5 $2 {[#]} 21. Bd6 $1 Qd8 22. Bc7 $18 (22. Bxe5 dxe4 23. Bxe4 Bg5 $11)) 21. Bd6 Bxd6 {[%emt 0:02:05] The position is equal.} 22. Nf6+ Kg7 $1 23. Qg5+ Ng6 $1 (23... Kh8 $2 {gets mated.} 24. Qh6) 24. Nh5+ $1 Kg8 25. Nf6+ Kg7 $1 (25... Kh8 $2 {is a self mate.} 26. Qh6 Ne7 27. Qxh7#) 26. Nh5+ $1 {[%emt 0:03:28] Weighted Error Value: White=0.06 (flawless) /Black=0.10 (very precise)} 1/2-1/2

[Event "Carolinas Classic 2022"]
[Site "Charlotte"]
[Date "2022.06.12"]
[Round "4.4"]
[White "Snodgrass, Benjamin"]
[Black "Tay, Brian"]
[Result "0-1"]
[ECO "B59"]
[WhiteElo "2026"]
[BlackElo "1863"]
[Annotator "TA"]
[PlyCount "88"]
[EventDate "2022.06.10"]
[EventType "swiss"]
[EventCountry "USA"]
[SourceTitle "playchess.com"]
[Source "ChessBase"]
[SourceQuality "1"]
[TimeControl "5400+30"]

1. e4 c5 2. Nf3 d6 3. d4 cxd4 4. Nxd4 Nf6 5. Nc3 Nc6 6. Be2 e5 7. Nb3 Be7 8. Be3 O-O 9. g4 Be6 {[%emt 0:02:35] B59: Classical Sicilian: 6 Be2 e5 7 Nb3.} 10. g5 $1 {[%emt 0:02:02] Inhibits h6.} Ne8 11. Qd2 (11. h4 $11) 11... a5 {[%emt 0:38:55] Black is slightly better.} 12. Nc1 (12. Nd5 $11 {keeps the balance.}) 12... a4 (12... f5 $17 {Hoping for ...f4.} 13. exf5 Bxf5) 13. h4 a3 14. b3 Nb4 15. Nd3 d5 $1 16. Nxd5 (16. Nxe5 $2 d4 17. O-O-O dxe3 18. Qxd8 Rxd8 $19) 16... Nxd5 17. exd5 Qxd5 18. O-O-O {[%emt 0:02:46][%cal Od3c5] [#]} Nd6 $146 ({Predecessor:} 18... b5 19. Nc5 Nc7 20. Qc3 Qc6 21. Qxe5 Bd5 22. Bd4 f6 23. Qxe7 Rfe8 24. Qd7 Bxh1 25. gxf6 Qxd7 26. Nxd7 Rxe2 {0-1 (35) Butt,S (2335)-Martin Del Campo C,J (2395) Thessaloniki 1988}) 19. Nc5 Qc6 20. Kb1 (20. Nxe6 $15 fxe6 21. Bd3) 20... Rac8 $17 21. f3 ({Not} 21. Nxe6 $2 Ne4 22. Qd3 Nc3+ 23. Ka1 fxe6 $19) 21... Nf5 22. Nxe6 fxe6 23. Bf2 Bb4 24. Qc1 (24. Qd3 $17) 24... Bc3 $1 $19 25. Rd3 b5 (25... Ne7 $1 $19 26. Qd1 (26. Qxa3 $2 Nd5 $19) 26... Nd5) 26. h5 b4 27. h6 g6 28. Rhd1 Rf7 $2 ({Black should play} 28... Bd4 $17 29. Bxd4 Nxd4) 29. Rd8+ {[%emt 0:00:45] [#]} (29. Rxc3 $1 $11 {was the only way to keep the balance.} Qxc3 30. Bc4) 29... Rxd8 $1 $17 {[%emt 0:00:52] Really sharp!} 30. Rxd8+ Rf8 31. Rxf8+ (31. Qd1 $15 {was preferrable.} Nd4 32. Rxf8+ Kxf8 33. Be3) 31... Kxf8 32. Qd1 {[%emt 0:00:52] And now Qd8+ would win.} Bd4 33. Be1 {[%emt 0:01:04] Prevents Qc3.} Qc5 {[%emt 0:00:40] 0x0.00207e17e14cdp-1022s more active pieces.} 34. Qd3 Ne3 {[%emt 0:00:23] Inhibits Qc4.} 35. Qe4 $2 {[%emt 0:00:50] Now White is beyond hope.} (35. Bd2 $17 Ke7 36. Be1) 35... Nd5 $19 {[%emt 0:00:12] White must now prevent ...Bc3.} 36. Bc4 $2 {[%emt 0:00:34] [#]} (36. c4 $19 bxc3 37. Bc4) 36... Bc3 $1 {[%emt 0:00:38] Black mates.} 37. Bxd5 exd5 {[%emt 0:00:18] KQB-KQB} ({Weaker is} 37... Qxd5 38. Qxd5 exd5 39. Bxc3 bxc3 40. Kc1 $11) 38. Qe2 Qg1 39. f4 Qxe1+ 40. Qxe1 Bxe1 41. fxe5 Bc3 42. Kc1 Ke7 43. Kd1 Ke6 44. Ke2 Kxe5 {[%emt 0:00:02] Weighted Error Value: White=0.34/Black=0.12 (very precise)} 0-1

[Event "Carolinas Classic 2022"]
[Site "Charlotte"]
[Date "2022.06.12"]
[Round "4.5"]
[White "Brady, Tyson"]
[Black "Laureano, Dereck"]
[Result "1-0"]
[ECO "A08"]
[WhiteElo "2064"]
[BlackElo "1809"]
[Annotator "TA"]
[PlyCount "73"]
[EventDate "2022.06.10"]
[EventType "swiss"]
[EventCountry "USA"]
[SourceTitle "playchess.com"]
[Source "ChessBase"]
[SourceQuality "1"]
[TimeControl "5400+30"]

1. Nf3 d5 2. g3 Nf6 3. Bg2 c5 4. O-O g6 5. d3 Bg7 6. Nbd2 O-O 7. e4 e6 8. Re1 Nc6 9. Qe2 b6 10. Nf1 {[%emt 0:00:43][%cal Bd2f1,Bf1h2,Bh2g4][%mdl 32] A08: King's Indian Attack.} Bb7 (10... e5 $15) 11. e5 $11 Nd7 {[%emt 0:11:24] aiming for ...Ndxe5.} 12. Bf4 {[%emt 0:00:04] The position is equal.} (12. Bg5 $5 Qc8 13. Bf4 $11) 12... b5 13. h4 Qc7 14. N1h2 Rac8 15. Ng4 {[%emt 0:00:07][%cal Oh4h5] [#]} Nd4 $146 ({Predecessor:} 15... h5 16. Nf6+ Bxf6 17. exf6 Qd8 18. Ne5 Ncxe5 19. Bxe5 Nxf6 20. Qd2 Kh7 21. Bf3 Bc6 {1-0 (55) Birnboim,N-Chemin,J Graz 1972}) 16. Nxd4 cxd4 17. Rac1 {[%emt 0:00:03][%cal Oh4h5] White is more active.} Qa5 18. h5 Rc6 (18... gxh5 $2 19. Nh6+ Bxh6 20. Bxh6 $18) 19. c4 (19. c3 $14) 19... dxc3 (19... Qxa2 $2 20. Ra1 Qb3 21. h6 $18) (19... bxc4 $15 {stays ahead.} 20. dxc4 Rxc4) 20. bxc3 $16 Rfc8 21. Bd2 Qa3 (21... Qxa2 $2 22. Ra1 Qc2 23. Rec1 $18) 22. d4 (22. Qe3 $16) 22... b4 $1 $11 23. Qf3 $1 bxc3 24. Bh6 Qf8 (24... gxh5 $11 {remains equal.} 25. Bxg7 Kxg7) 25. Be3 $2 (25. Bxg7 $16 {is necessary to keep the advantage.} Qxg7 26. h6) 25... Ba6 $17 ({Inferior is} 25... gxh5 26. Nf6+ Bxf6 27. exf6 $17) 26. Bf1 {[%emt 0:01:20] [#]} (26. Nf6+ $17 {keeps fighting.} Bxf6 27. exf6) 26... Bxf1 $1 $19 27. Kxf1 c2 28. Kg2 Rc3 29. Rh1 R8c4 (29... f5 $17 30. exf6 Nxf6 31. hxg6 hxg6 32. Nh6+ Bxh6 33. Rxh6 Qxh6 34. Bxh6 Rxf3 35. Kxf3 Rc4) 30. Qf4 (30. Qe2 $1 $15) 30... Rd3 (30... Nc5 $17 {And now ...Nd3 would win.} 31. hxg6 fxg6 32. Qxf8+ Kxf8) 31. Nf6+ $15 Bxf6 32. exf6 g5 ({Don't take} 32... e5 33. Qh4 Rdxd4 34. Bxd4 Rxd4 35. Qh3 Nxf6 36. Rxc2 $14) ({Black should try} 32... Rcc3 $1 $15) 33. Qxg5+ $14 Kh8 34. h6 ({White should play} 34. Rh4 $11) 34... Qg8 $15 {[%emt 0:00:26] ...Qxg5 is the strong threat.} 35. Qg7+ Qxg7 36. hxg7+ {[%emt 0:00:04] [#]} ({White has to play} 36. fxg7+ $15 Kg8 37. a3) 36... Kg8 $19 37. Bg5 {[%emt 0:00:01][%mdl 32768] Weighted Error Value: White=0.43/Black=0.28 (precise) . Loss on time!?} 1-0

[Event "Carolinas Classic 2022"]
[Site "Charlotte"]
[Date "2022.06.12"]
[Round "5.1"]
[White "Naroditsky, Daniel"]
[Black "Ippolito, Dean"]
[Result "1-0"]
[ECO "C43"]
[WhiteElo "2616"]
[BlackElo "2375"]
[Annotator "TA"]
[PlyCount "39"]
[EventDate "2022.06.10"]
[EventType "swiss"]
[EventCountry "USA"]
[SourceTitle "playchess.com"]
[Source "ChessBase"]
[SourceQuality "1"]
[TimeControl "5400+30"]

1. e4 e5 2. Nf3 Nf6 3. d4 Nxe4 4. Bd3 d5 5. Nxe5 Nd7 6. Nxd7 Bxd7 7. O-O Qh4 8. c4 O-O-O 9. c5 g6 10. Nc3 Bg7 11. Bxe4 {[%emt 0:01:02] C43: Petroff Defence: 3 d4.} dxe4 12. Be3 f5 {[%emt 0:08:04] [#] And now ...f4 would win.} 13. Qd2 {[%emt 0:01:05] White is slightly better.} h6 {[%emt 0:00:44] Inhibits Bg5.} (13... Qf6 $14) 14. a4 {[%emt 0:01:02] [#]} (14. Nd5 {is interesting.} Bb5 15. g3 Qg4 16. Ne7+) 14... Qf6 $146 (14... c6 $16) ({Predecessor:} 14... c6 15. Rfc1 a6 16. Nb5 cxb5 17. c6 Bxc6 18. axb5 axb5 19. g3 Qe7 20. d5 Be5 21. Bb6 Rd6 22. Rxc6+ bxc6 23. Ra8+ {1-0 (23) Offenborn,H (2098)-Bachmann,B (2030) GER email 2015}) 15. Nb5 $18 {[%emt 0:21:54] Strongly threatening Qa5.} Qa6 {[%emt 0:01:50] Inhibits Qa5.} 16. d5 Bxb5 $2 (16... Be5 {was worth a try.} 17. Qb4 c6) 17. axb5 {[%emt 0:00:32] White is clearly winning.} Qxb5 18. Rxa7 {[%emt 0:00:44] [#] Hoping for d6.} g5 19. d6 Kd7 20. Qd5 {[%emt 0:00:45][%csl LRb7,LRf5] Black got outplayed after the opening.  Weighted Error Value: White=0.00 (flawless) /Black=0.96} 1-0

[Event "Carolinas Classic 2022"]
[Site "Charlotte"]
[Date "2022.06.12"]
[Round "5.2"]
[White "Shabalov, Alexander"]
[Black "Brady, Tyson"]
[Result "1-0"]
[ECO "B31"]
[WhiteElo "2504"]
[BlackElo "2064"]
[Annotator "TA"]
[PlyCount "69"]
[EventDate "2022.06.10"]
[EventType "swiss"]
[EventCountry "USA"]
[SourceTitle "playchess.com"]
[Source "ChessBase"]
[SourceQuality "1"]
[TimeControl "5400+30"]

1. e4 c5 2. Na3 g6 3. h4 h5 4. c3 {[%emt 0:02:07] [#]} d5 $146 ({Predecessor:} 4... Bg7 5. Nf3 Nc6 6. d4 d5 7. exd5 Qxd5 8. Nb5 Kf8 9. Nc7 Qe4+ 10. Be3 cxd4 11. cxd4 {1-0 (55) Ozates,T (2217)-Yuan,Q (2373) Chess.com INT 2021}) 5. exd5 Qxd5 6. d4 {[%emt 0:00:51] B31: Sicilian: 2...Nc6 3 Bb5 g6.} (6. Nb5 $14 {was preferrable.} Na6 7. Nf3) 6... cxd4 ({Much less strong is} 6... Nc6 7. Nb5 Kd8 8. Bf4 cxd4 9. Nc7 $16 (9. Nxd4 Nxd4 10. Qxd4 Qxd4 $11)) 7. Nf3 Nh6 8. Nb5 {[%emt 0:02:42] [#] Threatens to win with Nc7+. White is slightly better.} Na6 {[%emt 0:00:14] Inhibits Nc7+.} 9. Qxd4 {[%emt 0:06:44] Active counter play!} (9. Nbxd4 {looks sharper.} Ng4 10. Bb5+ Bd7 11. Qe2) 9... Qxd4 10. Nbxd4 Ng4 11. Bb5+ (11. Ng5 $5 ) 11... Bd7 12. Bxd7+ Kxd7 13. Ke2 e5 14. Nb3 f6 {[%emt 0:04:32] Prevents Ng5.} 15. Nfd2 Ke6 16. Ne4 Be7 17. Rd1 Nh6 18. Na5 Nf5 19. Nxb7 Nxh4 20. g3 Nf5 21. b4 Rab8 22. Na5 Rhc8 {[%emt 0:00:23] Inhibits Nc6.} (22... Rbc8 $5 ) 23. a3 Nc7 (23... g5 $11) 24. Nc6 $14 Rb6 25. Nxe7 ({Not} 25. Nxa7 $2 Ra8 26. Bb2 Ra6 $19) 25... Kxe7 26. a4 $1 {[%emt 0:01:57] Prevents Nb5. Black must now prevent b5.} Nd6 27. Nxd6 Rxd6 28. Rxd6 Kxd6 {[%emt 0:00:08][%mdl 4096] Endgame KRB-KRN} 29. Be3 Nd5 (29... a5 $1 $11 {remains equal.}) 30. Bc5+ Kc6 31. Bxa7 {[%emt 0:07:23] And now Kd3 would win.} Nxc3+ 32. Kd3 Kb7 (32... Nd5 $16 {is a better defense.}) 33. Bc5 $18 Nd5 34. Kc4 Nc7 {[%emt 0:00:04] [#]} (34... Nb6+ $142 35. Kb3 Nd7) 35. Rd1 $1 {[%emt 0:01:28] Weighted Error Value: White=0.05 (flawless) /Black=0.21 (precise)} 1-0